Map: [ESL] Cosmic Sapphire

Players

herO - Winner!

  • Race: Protoss Protoss
  • Spawn Location: 11:00

Bunny

  • Race: Terran Terran
  • Spawn Location: 5:00

Event: DreamHack SC2 Masters 2022 Atlanta (Offline)

VOD

Have the link to the VOD?

Description

Time

  • Played on: Nov. 20, 2022, 4:59 p.m.
  • Length: 11:08

All games in this series

Show
View Real Time Build Order
Export as new Build Order

herO Protoss - Winner!

Build Orders: 1 Gate Expand, Oracle Opening, Phoenix Opening, Zealot Archon 

Get SALT Encoding   

  12  0:00  Probe  
  13  0:12  Probe  
  14  0:17  Pylon  
  14  0:24  Probe  
  15  0:35  Gateway  
  15  0:36  Probe (Chrono Boost)  
  15  0:42  Assimilator  
  16  0:48  Probe (Chrono Boost)  
  17  0:53  Probe (Chrono Boost)  
  18  1:02  Probe  
  19  1:15  Probe  
  20  1:25  Cybernetics Core  
  20  1:36  Nexus  
  20  1:39  Pylon  
  20  1:42  Probe  
  21  1:47  Assimilator  
  21  1:54  Probe  
  21  1:58  Adept (Chrono Boost)  
  22  2:06  Probe  
  25  2:15  Stargate  
  25  2:18  Probe  
  25  2:21  Adept  
  28  2:28  Warp Gate  
  28  2:30  Probe  
  29  2:42  Probe  
  29  2:48  Probe  
  30  2:51  Adept  
  30  2:55  Shield Battery  
  32  2:58  Oracle (Chrono Boost)  
  32  3:01  Probe  
  32  3:03  Probe  
  37  3:11  Pylon  
  37  3:13  Probe  
  37  3:15  Probe  
  39  3:25  Probe  
  39  3:26  Oracle (Chrono Boost)  
  40  3:27  Probe  
  44  3:37  Gateway x2  
  44  3:40  Probe x2  
  46  3:52  Probe  
  46  3:53  Probe, Pylon  
  46  3:55  Phoenix (Chrono Boost)  
  50  4:03  Assimilator  
  50  4:05  Assimilator  
  50  4:06  Probe  
  50  4:07  Probe  
  52  4:11  Phoenix (Chrono Boost)  
  51  4:19  Probe  
  51  4:20  Probe  
  53  4:31  Nexus  
  53  4:33  Phoenix (Chrono Boost)  
  53  4:35  Probe  
  53  4:36  Probe  
  55  4:46  Twilight Council, Forge  
  55  4:49  Probe x2  
  55  4:52  Pylon  
  53  4:56  Phoenix (Chrono Boost)  
  55  5:01  Probe  
  55  5:02  Probe  
  55  5:05  Gateway  
  55  5:06  Gateway  
  57  5:12  Phoenix (Chrono Boost)  
  57  5:13  Probe  
  57  5:14  Probe  
  61  5:18  Pylon  
  61  5:25  Probe  
  61  5:26  Probe  
  63  5:30  Protoss Ground Weapons Level 1 (Chrono Boost)  
  63  5:36  Phoenix  
  63  5:38  Probe x2  
  67  5:43  Gateway  
  67  5:45  Charge (Chrono Boost), Gateway  
  67  5:47  Gateway  
  66  5:51  Probe x2  
  66  5:53  Sentry  
  66  5:54  Sentry  
  72  6:01  Zealot  
  72  6:04  Shield Battery  
  74  6:05  Probe x3  
  74  6:07  Phoenix  
  74  6:09  Shield Battery  
  79  6:20  Probe x3  
  79  6:22  Assimilator  
  79  6:23  Assimilator, Pylon  
  79  6:24  Pylon  
  82  6:25  Zealot x2  
  86  6:34  Pylon  
  86  6:37  Templar Archives, Probe  
  86  6:38  Robotics Facility, Probe x2  
  89  6:44  Zealot x2  
  93  6:51  Pylon  
  93  7:00  Zealot x6  
  105  7:01  Phoenix  
  105  7:04  Probe  
  105  7:05  Probe x2  
  108  7:17  Pylon  
  106  7:24  High Templar x2  
  106  7:26  Zealot x5  
  106  7:27  Zealot, Warp Prism (Chrono Boost)  
  106  7:28  Protoss Ground Armor Level 1 (Chrono Boost)  
  122  7:31  Archon  
  124  7:37  Robotics Bay  
  124  7:41  Robotics Facility  
  124  7:50  High Templar x2  
  124  7:51  Zealot x3  
  132  7:55  Archon  
  132  7:57  Photon Cannon, Pylon  
  132  7:59  Pylon  
  132  8:00  Pylon  
  132  8:01  Observer  
  133  8:15  Phoenix  
  133  8:20  Zealot x6  
  133  8:23  Zealot x2  
  149  8:28  Blink  
  149  8:38  Colossus (Chrono Boost)  
  149  8:44  Colossus (Chrono Boost)  
  149  8:46  Extended Thermal Lance  
  153  8:50  Zealot x4  
  153  8:54  Zealot  
  152  9:01  Nexus  
  136  9:04  Shield Battery  
  128  9:21  Probe x3  
  128  9:22  Zealot x2, High Templar x2  
  128  9:23  Zealot  
  147  9:27  Archon  
  147  9:31  Shield Battery  
  152  9:35  Zealot x2  
  152  9:43  Colossus (Chrono Boost)  
  122  9:55  Zealot x6  
  122  9:56  Zealot x2  
  122  9:59  Probe  
  117  10:00  Probe x2  
  117  10:03  Pylon  
  114  10:17  Void Ray (Chrono Boost)  
  114  10:28  Stalker  
  114  10:29  Stalker x4  
  114  10:32  Disruptor (Chrono Boost), Sentry  
  129  10:37  Zealot, Stalker  
  129  11:00  Stalker x8  
Show
View Real Time Build Order
Export as new Build Order

Bunny Terran 

Build Orders: Reaper Expand 

Get SALT Encoding   

  12  0:00  SCV  
  13  0:12  SCV  
  14  0:16  Supply Depot  
  14  0:24  SCV  
  15  0:38  SCV  
  15  0:39  Barracks  
  15  0:42  Refinery  
  16  0:50  SCV  
  17  1:02  SCV  
  18  1:14  SCV  
  19  1:26  Reaper, Orbital Command  
  20  1:39  Command Center  
  20  1:49  Supply Depot  
  20  1:52  SCV  
  21  1:58  Marine  
  22  2:04  SCV  
  23  2:08  Factory  
  23  2:15  Bunker  
  23  2:16  SCV  
  23  2:19  Barracks Reactor  
  24  2:23  Refinery  
  24  2:28  SCV  
  25  2:40  SCV  
  26  2:51  Orbital Command  
  26  2:52  Hellion  
  26  2:53  SCV  
  26  2:55  Marine x2  
  31  3:01  Starport  
  31  3:05  SCV  
  32  3:13  Marine x2  
  32  3:14  Widow Mine  
  32  3:17  SCV x2  
  38  3:22  Supply Depot  
  38  3:29  SCV x2  
  38  3:32  Marine x2  
  42  3:35  Widow Mine  
  42  3:40  Viking  
  46  3:43  SCV x2  
  48  3:51  Supply Depot, Marine x2  
  48  3:57  SCV x2  
  48  4:01  Factory Tech Lab  
  49  4:04  Barracks  
  49  4:08  Engineering Bay  
  49  4:11  Marine  
  49  4:12  Marine  
  49  4:16  SCV x2  
  53  4:27  Factory Tech Lab  
  53  4:28  SCV x2  
  53  4:40  SCV, Raven  
  53  4:41  SCV  
  53  4:44  Barracks  
  55  4:50  Marine x2  
  55  4:51  Terran Infantry Weapons Level 1  
  56  4:53  SCV x2  
  56  4:54  Barracks Tech Lab  
  56  4:56  Supply Depot  
  56  4:58  Refinery  
  58  5:00  Refinery  
  58  5:05  SCV x2  
  60  5:09  Supply Depot  
  60  5:10  Supply Depot  
  61  5:16  Stimpack  
  61  5:17  SCV x2  
  61  5:19  Missile Turret  
  60  5:22  Marine x3  
  60  5:25  Factory Reactor  
  63  5:29  SCV  
  63  5:30  SCV  
  63  5:39  Starport Reactor  
  63  5:41  SCV  
  63  5:42  SCV  
  63  5:44  Command Center  
  63  5:48  Marine  
  63  5:49  Marine x2  
  66  5:51  Marine  
  66  5:54  SCV x2, Combat Shield  
  69  6:01  Barracks  
  67  6:05  Barracks  
  67  6:06  SCV, Marine  
  67  6:08  SCV  
  70  6:13  Widow Mine x2  
  70  6:16  Medivac  
  75  6:19  Medivac  
  75  6:24  Marauder  
  75  6:25  Marauder  
  80  6:27  Marine x2  
  81  6:33  Supply Depot  
  81  6:35  Widow Mine x2  
  85  6:45  Marine  
  86  6:49  Marine  
  86  6:51  Marauder  
  86  6:53  Medivac  
  86  6:55  Medivac, Marauder  
  86  7:00  SCV x2  
  86  7:01  Barracks Reactor  
  89  7:02  Concussive Shells  
  89  7:03  Widow Mine  
  89  7:04  Widow Mine  
  89  7:05  Marine  
  89  7:06  Marauder  
  89  7:07  Marine  
  97  7:13  Marauder  
  98  7:17  Marauder  
  99  7:23  Medivac, Marine  
  99  7:25  Medivac, Marine  
  99  7:26  Widow Mine  
  99  7:27  Marauder  
  109  7:31  Supply Depot  
  109  7:34  Widow Mine, Marauder  
  113  7:38  Supply Depot x2  
  113  7:43  Marauder, Marine  
  115  7:48  Marauder  
  117  7:52  Orbital Command, Marine x3  
  120  7:59  Terran Infantry Armor Level 1  
  120  8:03  Widow Mine x2  
  124  8:11  Marauder x2  
  124  8:12  Marauder  
  128  8:15  Marine x3  
  128  8:16  Marine  
  130  8:25  Medivac, Widow Mine x2  
  136  8:28  Medivac  
  138  8:38  Marauder, Marine  
  141  8:43  Supply Depot  
  141  8:47  Marauder  
  129  8:55  SCV x2  
  129  8:56  SCV  
  129  8:58  Widow Mine x2  
  132  9:05  Medivac  
  132  9:06  Medivac  
  132  9:08  Armory  
  134  9:14  Marauder  
  134  9:16  Marauder  
  138  9:20  Widow Mine x2  
  142  9:29  Marauder  
  144  9:32  Marine x4  
  144  9:36  Marauder  
  144  9:37  Supply Depot  
  147  9:41  Widow Mine  
  149  9:46  Widow Mine  
  149  9:52  Viking x2  
  115  9:58  Marauder x3  
  103  10:00  Marine x2  
  103  10:04  Marine x2  
  107  10:09  Widow Mine  
  107  10:12  Widow Mine  
  110  10:24  Viking  
  110  10:25  Viking  
  114  10:29  Marine x4  
  117  10:41  Marauder x3  
  120  10:47  Marine x2  
Tags
 
Add a new tag
Caveats
  • Supply blocks, unpowered buildings, or Contaminate may cause inaccurate times.
  • Supply counts are checked every 10 seconds.